 Dungeon Crawl Stone Soup version 0.29-a0-284-gf9362112df (webtiles) character file.

Game seed: 11676331520036302073

148152 Gibbon the Thaumaturge (level 16, -5/137 HPs)
             Began as a Green Draconian Air Elementalist on Mar 30, 2022.
             Was the Champion of Vehumet.
             Slain by Waleff's ghost (21 damage)
             ... on level 2 of the Snake Pit.
             The game lasted 07:29:47 (36723 turns).

Gibbon the Thaumaturge (DrAE)                      Turns: 36723, Time: 07:29:48

Health: -5/137     AC: 20    Str: 18    XL:     16   Next: 93%
Magic:  0/34       EV: 15    Int: 24    God:    Vehumet [******]
Gold:   3587       SH: 18    Dex: 12    Spells: 1/43 levels left

rFire   . . .      SeeInvis +   K - +6 broad axe "Transmigrator" {vorpal, Fragile Str+6 Int+2}
rCold   . . .      Faith    .   P - +1 kite shield
rNeg    . . .      Spirit   .   (body armour unavailable)
rPois   +          Reflect  +   G - +2 hat
rElec   .          Harm     .   m - +2 cloak
rCorr   .          Rampage  .   R - +2 pair of gloves of Havotwes {+Blink rF+ Regen+}
Will    ++...                   q - +2 pair of boots
Stlth   +++.......              v - amulet of reflection
HPRegen 1.12/turn               w - ring "Zibolua" {Wiz rF- Slay+3 SInv}
MPRegen 0.24/turn               c - ring of willpower

@: lethally poisoned (-5 -> -6), studying Crossbows
A: breathe noxious fumes, AC +9, unfitting armour, stinger 1, poison resistance,
cold-blooded, MP-powered wands
a: Breathe Noxious Fumes, Renounce Religion, Evoke Blink


You were on level 2 of the Snake Pit.
You worshipped Vehumet.
Vehumet was exalted by your worship.
You visited 5 branches of the dungeon, and saw 26 of its levels.
You also visited: Gauntlet and Ice Cave.

You collected 4203 gold pieces.
You spent 616 gold pieces at shops.

Inventory:

Hand Weapons
 B - the +3 mace of Defilement {vorpal, rN++ Will+ Str-3}
   (You found it on level 8 of the Dungeon)

   It inflicts extra damage upon your enemies.
   Str:       It affects your strength (-3).
   rN:        It greatly protects you from negative energy.
   Will:      It increases your willpower.
 K - the +6 broad axe "Transmigrator" (weapon) {vorpal, Fragile Str+6 Int+2}
   (You found it on level 5 of the Lair of Beasts)

   It inflicts extra damage upon your enemies.
   Str:       It affects your strength (+6).
   Int:       It affects your intelligence (+2).
   Fragile:   It will be destroyed if unequipped.
 V - a +3 eveningstar of flaming
Armour
 a - a +1 pair of gloves of infusion
 m - a +2 cloak (worn)
 q - a +2 pair of boots (worn)
 G - a +2 hat (worn)
 P - a +1 kite shield (worn)
 R - the +2 pair of gloves of Havotwes (worn) {+Blink rF+ Regen+}
   (You found it in a Gauntlet)

   rF:        It protects you from fire.
   +Blink:    It lets you blink.
   Regen:     It increases your rate of health regeneration.
 W - the +3 tower shield of the Eternal Void {rC- Int+5 Dex+9 Stlth-}
   (You acquired it on level 12 of the Dungeon)

   Int:       It affects your intelligence (+5).
   Dex:       It affects your dexterity (+9).
   rC:        It makes you vulnerable to cold.
   Stlth:     It makes you less stealthy.
Jewellery
 c - a ring of willpower (right hand)
 f - the ring "Litiurch" {Ice *Corrode rElec Dex+2}
   (You took it off a minotaur in a Gauntlet)

   [ring of ice]

   It enhances your ice magic.
   Dex:       It affects your dexterity (+2).
   rF:        It makes you vulnerable to fire.
   rC:        It protects you from cold.
   rElec:     It insulates you from electricity.
   *Corrode:  It may corrode you when you take damage.
 g - a ring of protection from cold
 t - a ring of fire
 v - an amulet of reflection (around neck)
 w - the ring "Zibolua" (left hand) {Wiz rF- Slay+3 SInv}
   (You acquired it in a Gauntlet)

   [ring of wizardry]

   It improves your spell success rate.
   Slay:      It affects your accuracy & damage with ranged weapons and melee
   (+3).
   rF:        It makes you vulnerable to fire.
   SInv:      It lets you see invisible.
 y - a ring of positive energy
Wands
 k - a wand of digging (8)
 C - a wand of mindburst (5)
 I - a wand of flame (21)
 L - a wand of charming (7)
 O - a wand of paralysis (7)
 X - a wand of iceblast (7)
 Y - a wand of acid (4)
 Z - a wand of polymorph (6)
Scrolls
 d - 3 scrolls of brand weapon
 i - 5 scrolls of identify
 n - 3 scrolls of fog
 p - a scroll of magic mapping
 r - 8 scrolls of teleportation
 u - 6 scrolls of immolation
 M - 2 scrolls of holy word
 T - 2 scrolls of torment
 U - a scroll of silence
Potions
 b - 3 potions of brilliance
 e - 11 potions of heal wounds
 h - a potion of attraction
 j - 3 potions of lignification
 l - a potion of invisibility
 o - 2 potions of haste
 s - a potion of might
 x - 4 potions of curing
 A - 4 potions of flight
 D - 5 potions of mutation
 H - 3 potions of resistance
Miscellaneous
 J - a lightning rod (2/4)
 Q - a condenser vane (inert)
 S - a phial of floods (inert)


   Skills:
 - Level 11.0 Fighting
 - Level 2.0(2.4) Axes
 - Level 2.0(2.4) Maces & Flails
 - Level 10.0 Dodging
 - Level 5.1 Stealth
 - Level 13.0 Shields
 - Level 14.0 Spellcasting
 - Level 14.0 Conjurations
 - Level 4.0 Summonings
 - Level 2.0 Translocations
 + Level 5.4 Fire Magic
 - Level 10.0 Air Magic
 - Level 5.1 Poison Magic
 - Level 4.0 Evocations


You had one spell level left.
You knew the following spells:

 Your Spells              Type           Power      Damage    Failure   Level
a - Shock                 Conj/Air       100%       1d9       1%          1
b - Static Discharge      Conj/Air       65%        N/A       1%          2
c - Swiftness             Air            59%        N/A       1%          3
d - Fireball              Conj/Fire      29%        3d13      1%          5
e - Airstrike             Air            29%        N/A       1%          4
f - Call Canine Familiar  Summ           36%        N/A       1%          3
g - Orb of Destruction    Conj           35%        9d10      2%          7
h - Poisonous Vapours     Pois/Air       100%       N/A       1%          2
i - Flame Wave            Conj/Fire      59%        2d11      1%          4
j - Iskenderun's Battles  Conj           71%        2d12      1%          5
k - Olgreb's Toxic Radia  Pois           41%        N/A       1%          4
l - Blink                 Tloc           52%        N/A       1%          2

Your spell library contained the following spells:

 Spells                   Type           Power      Damage    Failure   Level
 Ozocubu's Refrigeration  Ice            8%         4d6       98%         7
 Apportation              Tloc           52%        N/A       1%          1
 Foxfire                  Conj/Fire      100%       2x1d9     1%          1
 Freeze                   Ice            64%        1d8       1%          1
 Sandblast                Erth           32%        2d9       1%          1
 Summon Small Mammal      Summ           100%       N/A       1%          1
 Animate Skeleton         Necr           32%        N/A       2%          1
 Beastly Appendage        Tmut           32%        N/A       2%          1
 Slow                     Hex            64%        N/A       2%          1
 Corpse Rot               Necr/Air       80%        N/A       1%          2
 Conjure Flame            Conj/Fire      59%        6-21      1%          3
 Inner Flame              Hex/Fire       29%        N/A       1%          3
 Mephitic Cloud           Conj/Pois/Air  59%        N/A       1%          3
 Stone Arrow              Conj/Erth      100%       3d13      1%          3
 Hailstorm                Conj/Ice       50%        3d11      1%          4
 Conjure Ball Lightning   Conj/Air       32%        3x3d10    1%          6
 Frozen Ramparts          Ice            32%        1d5       2%          3
 Spider Form              Tmut/Pois      29%        N/A       2%          3
 Lesser Beckoning         Tloc           26%        N/A       3%          3
 Summon Guardian Golem    Hex/Summ       26%        N/A       3%          3
 Ensorcelled Hibernation  Hex/Ice        32%        N/A       4%          2
 Passwall                 Tmut/Erth      13%        N/A       4%          2
 Wereblood                Tmut           16%        N/A       4%          2
 Iron Shot                Conj/Erth      25%        9d5       7%          6
 Confusing Touch          Hex            16%        N/A       9%          3
 Ozocubu's Armour         Ice            16%        N/A       9%          3
 Vampiric Draining        Necr           16%        2d7       9%          3
 Anguish                  Hex/Necr       8%         N/A       26%         4
 Dispel Undead            Necr           16%        3d10      26%         4
 Manifold Assault         Tloc           26%        N/A       32%         5
 Blade Hands              Tmut           8%         N/A       56%         5
 Metabolic Englaciation   Hex/Ice        8%         N/A       56%         5
 Death Channel            Necr           8%         N/A       98%         6
 Simulacrum               Ice/Necr       8%         N/A       98%         6
 Animate Armour           Summ/Erth      Unusable   N/A       N/A         4

Dungeon Overview and Level Annotations

Branches:
Dungeon (15/15)            Temple (1/1) D:4            Lair (6/6) D:10
  Swamp (0/4) Lair:4        Snake (2/4) Lair:4        Slime (0/5) Lair:6
    Orc (2/2) D:10            Elf (0/3) Orc:2        Vaults (0/5) D:14
 Depths (0/4) D:15          IceCv (visited)         Gauntlet (visited)

Altars:
Ashenzari
Dithmenos
Fedhas
Gozag
Kikubaaqudgha
Makhleb
Nemelex Xobeh
Okawaru
Trog
Uskayaw
Vehumet
Yredelemnul
Zin
The Shining One
Beogh

Shops:
D:3 !   D:8 *   Orc:2 **[([(   Snake:1 *

Portals:
Bazaar: Orc:2

Annotations:
Snake:2 1 transporter, Waleff's ghost, adept DrBe


Innate Abilities, Weirdness & Mutations

You can breathe blasts of noxious fumes.
Your lurid green scales are hard. (AC +9)
You cannot fit into any form of body armour.
Your tail ends in a venomous barb.
Your system is resistant to poisons. (rPois)
You are cold-blooded and may be slowed by cold attacks.
You expend magic power (3 MP) to strengthen your wands.


Message History

Casting: Olgreb's Toxic Radiance (mildly dangerous; 1% risk of failure)
Confirm with . or Enter, or press ? or * to list all spells.
Okay, then.
Aiming: Iceblast
Press: ? - help, Shift-Dir - straight line, f - naga warrior
Aim: a naga warrior, wielding a +2 vorpal broad axe, wearing a +2 robe and wearing a +1 kite shield (lightly wounded, strong, catching its breath)
You feel a surge of power!
The mass of ice explodes!
The iceblast engulfs the naga warrior.
The naga warrior is lightly wounded.
The iceblast engulfs Waleff's ghost but does no damage.
Waleff's ghost is lightly damaged.
The iceblast engulfs the salamander!
The salamander is frozen!
The salamander is moderately wounded.
The iceblast engulfs the salamander!!!
The salamander is frozen!
The salamander is almost dead.
You feel sick. You block the salamander's attack.
The salamander shoots an arrow.
You reflect the arrow off an invisible shield around you!
The arrow hits the salamander but does no damage.
Aiming: Iceblast
Press: ? - help, Shift-Dir - straight line, f/p - naga warrior
Aim: a naga warrior, wielding a +2 vorpal broad axe, wearing a +2 robe and wearing a +1 kite shield (lightly wounded, strong, catching its breath)
You feel a surge of power!
The mass of ice explodes!
The iceblast engulfs the naga warrior.
The naga warrior is lightly wounded.
The iceblast engulfs Waleff's ghost but does no damage.
Waleff's ghost is lightly damaged.
The iceblast engulfs the salamander!!
The salamander is frozen!
The salamander is severely wounded.
The iceblast engulfs the salamander!!
The salamander is frozen!
You kill the salamander!
Vehumet accepts your kill.
You feel sick.
The salamander hits you from afar with a +3 antimagic glaive!!
* * * LOW HITPOINT WARNING * * *
You are engulfed in flames!
* * * LOW HITPOINT WARNING * * *
You feel your power leaking away. Waleff's ghost hits you!!
You die...

...............###NN.###...###
###.....#.##..##...N..###..##
# #####.#.....###...#####...#
# ###....##.###.#≈#.##..#
#....#..#≈).:###.#..##
#.#..#..##}_....©#...#
#.#..#....)..#...#...#
#....##...).≈##.##...###
#.#...#.@WN.##N.#......#
#.#...##.N....###......# #
###....###)©.###...#.#### #
#.#....#####..........# #
#..#...#....©............# ##
#.##...###......###....... .#
#.#....#.......##......### .#
#.#....#.......#..###### .#
#.######......##...#


You could see a naga warrior (strong, catching breath), a salamander (strong,
very poisoned), a naga (strong, fleeing) and Waleff's ghost.

Vanquished Creatures
  Jorgrun (Orc:2)
  The ghost of spaghetti the Spry, a journeyman DsBe of Trog (Orc:2)
  2 frost giants (IceCv)
  An orc warlord (Orc:1)
  Aizul (Snake:2)
  Nessos (D:14)
  A white draconian (IceCv)
  3 dire elephants
  Azrael (D:15)
  A minotaur (Gauntlet)
  Josephine (D:15)
  A fire dragon (Lair:6)
  2 ice dragons (IceCv)
  12 hydras
  2 naga warriors (Snake:1)
  Fannar (Lair:1)
  2 boulder beetles
  Erica (D:10)
  3 anacondas
  A death knight (D:15)
  11 two-headed ogres
  2 ogre magi (Orc:2)
  2 ironbound frosthearts (IceCv)
  A catoblepas (Lair:6)
  4 centaur warriors
  3 tengu warriors
  An orc high priest (Orc:1)
  15 death yaks
  A shock serpent (Snake:1)
  3 naga sharpshooters
  Urug (D:12)
  A thrashing horror (Gauntlet)
  A deep elf knight (Orc:1)
  Sonja (Orc:2)
  2 deep trolls (Orc:2)
  An orange crystal statue (IceCv)
  2 swamp dragons
  A lindwurm (Lair:6)
  5 orc knights
  9 salamanders
  A wolf spider (D:15)
  4 orc sorcerers (Orc:1)
  A mana viper (Snake:1)
  4 deep elf pyromancers (Orc:1)
  26 ugly things
  6 cyclopes
  5 manticores
  2 moths of wrath (Snake:2)
  2 guardian serpents (Snake:1)
  15 black mambas
  8 elephants
  A torpor snail (Lair:3)
  4 naga magi
  An ice statue (Orc:2)
  Maggie (D:10)
  17 rime drakes
  3 gargoyles
  An unseen horror (D:11)
  13 cane toads
  An efreet (D:15)
  8 komodo dragons
  5 kobold demonologists
  2 tengu conjurers
  15 trolls
  22 polar bears
  A wind drake (D:13)
  2 hornets (D:9)
  5 blink frogs
  11 slime creatures
  3 dream sheep
  Sigmund (D:6)
  2 shadows
  8 wraiths
  5 wyverns
  7 basilisks
  16 humans (D:14)
  A steam dragon (Lair:6)
  31 yaks
  2 fire elementals (D:15)
  7 vampire mosquitoes
  4 wargs
  The ghost of dracfodder the Skirmisher, an amateur GrBe of Trog (D:4)
  14 nagas
  4 acid dragons
  13 water moccasins
  2 hell hounds (D:15)
  2 swamp drakes
  29 orc warriors
  An ice beast (D:5)
  7 sky beasts
  2 black bears
  25 ogres
  9 wolves
  10 centaurs
  2 phantoms
  29 kobold brigands
  4 small abominations (Gauntlet)
  13 bullfrogs
  5 gnoll sergeants
  A necrophage (D:5)
  7 wights (D:9)
  3 killer bees (D:9)
  6 howler monkeys
  An electric eel (D:9)
  10 hounds
  16 jellies
  13 orc priests
  Crazy Yiuf (D:6)
  4 gnoll shamans
  11 iguanas
  22 orc wizards
  38 gnolls
  7 adders
  3 shadow imps
  4 white imps
  2 ufetubi (D:5)
  3 worms
  2 dart slugs
  71 orcs
  7 endoplasms
  5 giant cockroaches
  8 goblins
  6 hobgoblins
  9 jackals
  5 quokkas
  5 ball pythons
  4 bats
  3 frilled lizards
  18 kobolds
  6 rats
853 creatures vanquished.

Vanquished Creatures (collateral kills)
  2 black mambas
  2 cane toads
  A rime drake (Lair:5)
  A dream sheep (Lair:6)
  A warg (Orc:1)
  A water moccasin (Lair:6)
  3 ogres
  A howler monkey (D:11)
  An orc wizard (Orc:1)
  A goblin (D:4)
14 creatures vanquished.

Vanquished Creatures (others)
  A black mamba (Snake:1)
  A polar bear (IceCv)
  A kobold brigand (D:11)
  An orc wizard (Orc:1)
  45 fungi
  66 plants
115 creatures vanquished.

Grand Total: 982 creatures vanquished

Notes
Turn   | Place    | Note
-------+----------+-------------------------------------------
     0 | D:1      | Gibbon the Draconian Air Elementalist began the quest for
                  | the Orb.
     0 | D:1      | Reached XP level 1. HP: 14/14 MP: 3/3
   425 | D:1      | Reached XP level 2. HP: 16/22 MP: 0/5
   459 | D:1      | Reached skill level 1 in Fighting
   517 | D:1      | Learned a level 2 spell: Static Discharge
   565 | D:1      | Found a faded altar of an unknown god.
  1050 | D:2      | Reached XP level 3. HP: 26/28 MP: 1/6
  1496 | D:2      | Learned a level 3 spell: Swiftness
  2009 | D:2      | Found a blossoming altar of Fedhas.
  2132 | D:3      | Found Ogeown's Distillery.
  2228 | D:3      | Reached XP level 4. HP: 34/35 MP: 3/7
  2343 | D:3      | Reached XP level 5. HP: 22/40 MP: 1/9
  3077 | D:4      | Learned a level 1 spell: Summon Small Mammal
  3082 | D:4      | Learned a level 4 spell: Airstrike
  3165 | D:4      | Reached XP level 6. HP: 29/47 MP: 7/12
  3523 | D:4      | Learned a level 1 spell: Shock
  3669 | D:4      | Found a transporter.
  3798 | D:4      | Learned a level 1 spell: Apportation
  3814 | D:4      | Noticed dracfodder's ghost (amateur GrBe)
  3824 | D:4      | Found a transporter.
  3854 | D:4      | Gained mutation: You expend magic power (3 MP) to
                  | strengthen your wands. [potion of mutation]
  4267 | D:4      | Reached skill level 1 in Summonings
  4360 | D:4      | Found a staircase to the Ecumenical Temple.
  4366 | Temple   | Entered the Ecumenical Temple
  4424 | Temple   | Became a worshipper of Vehumet
  4933 | D:5      | Entered Level 5 of the Dungeon
  5135 | D:5      | Your scales start taking on a lurid green colour.
  5135 | D:5      | Reached XP level 7. HP: 35/56 MP: 7/13
  5135 | D:5      | Gained mutation: Your system is resistant to poisons.
                  | (rPois) [Green Draconian growth]
  5285 | D:5      | Reached skill level 1 in Shields
  6109 | D:5      | Reached skill level 5 in Spellcasting
  6109 | D:5      | Reached skill level 5 in Air Magic
  6113 | D:5      | Learned a level 3 spell: Conjure Flame
  6234 | D:5      | Noticed a two-headed ogre
  6546 | D:5      | Reached XP level 8. HP: 59/63 MP: 15/15
  6990 | D:5      | Killed a two-headed ogre
  7193 | D:5      | Reached skill level 5 in Shields
  7326 | D:5      | Reached XP level 9. HP: 44/69 MP: 10/18
  7516 | D:5      | Reached * piety under Vehumet
  7516 | D:5      | Offered knowledge of Sandblast by Vehumet.
  7771 | D:4      | Killed dracfodder's ghost
  8829 | D:6      | Found a runed translucent door.
  8830 | D:6      | Noticed Crazy Yiuf
  8839 | D:6      | Killed Crazy Yiuf
  8951 | D:6      | Noticed Sigmund
  8997 | D:6      | Killed Sigmund
  9487 | D:7      | Reached skill level 5 in Fighting
  9584 | D:7      | Reached skill level 5 in Conjurations
  9822 | D:7      | Reached skill level 1 in Fire Magic
 10030 | D:7      | Reached ** piety under Vehumet
 10030 | D:7      | Offered knowledge of Poisonous Vapours by Vehumet.
 10307 | D:8      | Reached XP level 10. HP: 79/81 MP: 15/20
 10490 | D:8      | Identified the +3 mace of Defilement {vorpal, rN++ Will+
                  | Str-3}
 10659 | D:8      | Learned a level 2 spell: Poisonous Vapours
 10664 | D:8      | Learned a level 4 spell: Flame Wave
 10737 | D:8      | Reached skill level 1 in Maces & Flails
 10873 | D:8      | Found Rikanoirri's Elemental Accessories.
 11554 | D:9      | Offered knowledge of Scorch by Vehumet.
 11734 | D:9      | Reached skill level 1 in Poison Magic
 12275 | D:9      | Noticed a two-headed ogre
 12290 | D:9      | Killed a two-headed ogre
 12529 | D:9      | Reached *** piety under Vehumet
 12606 | D:9      | Reached XP level 11. HP: 89/89 MP: 13/24
 12696 | D:9      | Learned a level 5 spell: Iskenderun's Battlesphere
 12767 | D:9      | Found a sparkling altar of Nemelex Xobeh.
 13274 | D:10     | Entered Level 10 of the Dungeon
 13293 | D:10     | Offered knowledge of Stone Arrow by Vehumet.
 13313 | D:10     | Noticed Erica
 13328 | D:10     | Killed Erica
 13329 | D:10     | Reached skill level 10 in Spellcasting
 13451 | D:10     | Noticed Maggie
 13478 | D:10     | Killed Maggie
 13723 | D:10     | Identified the +3 chain mail of Masochism {rN+ Str+6 Dex-5}
 13909 | D:10     | Identified the +3 spear of Symmetry {flame, rElec rPois
                  | Int-5}
 14077 | D:10     | Found a staircase to the Lair.
 14155 | D:10     | Reached **** piety under Vehumet
 14173 | D:10     | Offered knowledge of Olgreb's Toxic Radiance by Vehumet.
 14179 | D:10     | Learned a level 4 spell: Olgreb's Toxic Radiance
 14469 | D:10     | Found a staircase to the Orcish Mines.
 14623 | Lair:1   | Entered Level 1 of the Lair of Beasts
 14672 | Lair:1   | Noticed a four-headed hydra
 14680 | Lair:1   | Reached skill level 5 in Dodging
 14680 | Lair:1   | Killed a four-headed hydra
 14689 | Lair:1   | Learned a level 5 spell: Fireball
 15094 | Lair:1   | Noticed Fannar
 15134 | Lair:1   | Killed Fannar
 15434 | Lair:1   | Reached XP level 12. HP: 101/101 MP: 15/26
 15515 | Lair:2   | Noticed a seven-headed hydra
 15521 | Lair:2   | Killed a seven-headed hydra
 15575 | Lair:2   | Noticed a death yak
 15579 | Lair:2   | Noticed a death yak
 15583 | Lair:2   | Noticed a death yak
 15615 | Lair:1   | Killed a death yak
 15771 | Lair:1   | Killed a death yak
 15985 | Lair:2   | Learned a level 3 spell: Call Canine Familiar
 16036 | Lair:2   | Killed a death yak
 16284 | Lair:2   | Reached skill level 5 in Poison Magic
 17122 | Lair:3   | Reached skill level 1 in Evocations
 17667 | Lair:3   | Reached ***** piety under Vehumet
 17756 | Lair:3   | Offered knowledge of Fulminant Prism by Vehumet.
 18154 | Lair:3   | Identified a scroll of acquirement
 18155 | Lair:3   | Acquired 720 gold pieces
 18392 | Lair:4   | Found a staircase to the Swamp.
 18414 | Lair:4   | Reached XP level 13. HP: 111/111 MP: 11/29
 18585 | Lair:4   | Found a staircase to the Snake Pit.
 18850 | Lair:4   | Found a radiant altar of Vehumet.
 19325 | Lair:5   | Identified the +6 broad axe "Transmigrator" {vorpal,
                  | Fragile Str+6 Int+2}
 19691 | Lair:5   | Reached skill level 1 in Axes
 20138 | Lair:5   | Reached skill level 10 in Conjurations
 20291 | Lair:6   | Entered Level 6 of the Lair of Beasts
 20620 | Lair:6   | Found a staircase to the Slime Pits.
 21618 | Lair:6   | Noticed a dire elephant
 21665 | Lair:6   | Killed a dire elephant
 21673 | Lair:6   | Offered knowledge of Lightning Bolt by Vehumet.
 22611 | Lair:6   | Gained mutation: Your tail ends in a venomous barb. [Green
                  | Draconian growth]
 22611 | Lair:6   | Reached XP level 14. HP: 118/118 MP: 23/30
 23238 | Lair:6   | Found the +3 salamander hide armour {Flames rF++ rC--}
 23684 | Orc:1    | Entered Level 1 of the Orcish Mines
 24177 | Orc:1    | Reached skill level 10 in Air Magic
 24208 | Orc:1    | Offered knowledge of Lee's Rapid Deconstruction by Vehumet.
 24508 | Orc:1    | Noticed an orc warlord
 24553 | Orc:1    | Killed an orc warlord
 24878 | Orc:2    | Entered Level 2 of the Orcish Mines
 24878 | Orc:2    | Found a staircase to the Elven Halls.
 24885 | Orc:2    | Noticed Sonja
 24892 | Orc:2    | Noticed Jorgrun
 24893 | Orc:2    | Killed Sonja
 24895 | Orc:2    | Found Inocaemel's General Store.
 24895 | Orc:2    | Found Jinun's Specific Store.
 24910 | Orc:2    | Killed Jorgrun
 25102 | Orc:2    | Found Karenk's Armour Shoppe.
 25102 | Orc:2    | Found Riquhuan's Antique Weapon Emporium.
 25105 | Orc:2    | Reached skill level 10 in Fighting
 25153 | Orc:2    | Found a runed translucent door.
 25153 | Orc:2    | Noticed spaghetti's ghost (journeyman DsBe)
 25500 | Orc:2    | Reached XP level 15. HP: 114/126 MP: 23/32
 25577 | Orc:2    | Learned a level 7 spell: Orb of Destruction
 25970 | Orc:2    | Killed spaghetti's ghost
 26105 | Orc:2    | Bought a potion of heal wounds for 70 gold pieces
 26262 | Orc:2    | Found a gateway to a bazaar.
 26465 | Orc:2    | Found Capn's Antique Weapon Boutique.
 26651 | Orc:2    | Found Xing's Antique Armour Emporium.
 26895 | D:3      | Bought a potion of haste for 130 gold pieces
 26895 | D:3      | Bought a potion of mutation for 104 gold pieces
 26895 | D:3      | Bought a potion of brilliance for 52 gold pieces
 26895 | D:3      | Bought 2 potions of heal wounds for 130 gold pieces
 26895 | D:3      | Bought a potion of haste for 130 gold pieces
 27781 | D:11     | Offered knowledge of Freezing Cloud by Vehumet.
 27942 | D:11     | Learned a level 2 spell: Blink
 28220 | D:12     | Noticed Urug
 28236 | D:12     | Killed Urug
 28237 | D:12     | Reached skill level 1 in Translocations
 28253 | D:12     | Identified the +9 quarterstaff of Vearel {drain, Will+}
 28262 | D:12     | Acquired the +3 tower shield of the Eternal Void {rC- Int+5
                  | Dex+9 Stlth-}
 28399 | D:12     | Found a gate leading to a gauntlet.
 28405 | Gauntlet | Entered a Gauntlet
 28405 | Gauntlet | Found a transporter.
 28405 | Gauntlet | Found a transporter.
 28434 | Gauntlet | Found a transporter.
 28438 | Gauntlet | Found a transporter.
 28449 | Gauntlet | Found a transporter.
 28451 | Gauntlet | Found a transporter.
 28451 | Gauntlet | Found a transporter.
 28466 | Gauntlet | Found a transporter.
 28472 | Gauntlet | Found a transporter.
 28489 | Gauntlet | Found a transporter.
 28497 | Gauntlet | Found a transporter.
 28514 | Gauntlet | Found a transporter.
 28874 | Gauntlet | Acquired the ring "Zibolua" {Wiz rF- Slay+3 SInv}
 29088 | Gauntlet | Identified the +2 pair of gloves of Havotwes {+Blink rF+
                  | Regen+}
 29122 | Gauntlet | Identified the ring "Litiurch" {Ice *Corrode rElec Dex+2}
 29134 | Gauntlet | Reached skill level 10 in Shields
 29381 | D:12     | Found a glowing silver altar of Zin.
 30736 | D:14     | Noticed Nessos
 30736 | D:14     | Found a gate to the Vaults.
 30741 | D:14     | Offered knowledge of Irradiate by Vehumet.
 30745 | D:14     | Killed Nessos
 30760 | D:14     | Reached skill level 5 in Stealth
 31534 | D:15     | Entered Level 15 of the Dungeon
 31542 | D:15     | Noticed Azrael
 31547 | D:15     | Noticed Josephine
 31562 | D:15     | Killed Azrael
 31563 | D:15     | Killed Josephine
 31576 | D:15     | Got the Grimoire of Toxins and Snow
 31619 | D:15     | Reached XP level 16. HP: 117/137 MP: 16/34
 31622 | D:15     | Found a frozen archway.
 31752 | IceCv    | Entered an ice cave
 31811 | IceCv    | Reached skill level 10 in Dodging
 33482 | D:15     | Reached ****** piety under Vehumet
 33533 | D:15     | Found a staircase to the Depths.
 34055 | D:15     | Found a glowing golden altar of the Shining One.
 34301 | Snake:1  | Entered Level 1 of the Snake Pit
 34479 | Snake:1  | Found Efasiog's General Store.
 34885 | Snake:1  | Found an ancient bone altar of Kikubaaqudgha.
 35386 | Snake:1  | Offered knowledge of Ozocubu's Refrigeration by Vehumet.
 35754 | Snake:2  | Noticed Aizul
 35781 | Snake:2  | Killed Aizul
 36050 | Snake:2  | Noticed Waleff's ghost (adept DrBe)
 36441 | Snake:2  | Found a bloodstained altar of Trog.
 36442 | Snake:2  | Found a transporter.
 36457 | Snake:2  | Found a transporter.
 36506 | Snake:2  | Reached skill level 5 in Fire Magic
 36723 | Snake:2  | Slain by Waleff's ghost

Illustrated notes

Levels and vault maps discovered:
D:1:      lightli_iron_boxes, layout_rooms, hellmonk_ecumenical_altar_dog_temple
D:2:      layout_loops_corners, basic_altar, minmay_strange_pillars
D:3:      wad_crossroads, layout_basic, serial_shops, nicolae_shop_trees
D:4:      layout_basic, minmay_temple_entry_enclosed_plants,
          gammafunk_ghost_arena
D:5:      minmay_polygon_palace, layout_loops_ring, minmay_manual_mandibuliform
D:6:      minmay_spotlight, layout_loops_ring, uniq_crazy_yiuf_cottage,
          uniq_sigmund
D:7:      layout_cave_pools
D:8:      layout_gridville, nicolae_elemental_shop
D:9:      nzn_winding_woodlands_three_and_one [nzn_winding_woodlands_5x15_pool,
          nzn_winding_woodlands_5x15_river_crossing,
          nzn_winding_woodlands_5x15_parted,
          nzn_winding_woodlands_center_garden], layout_loops_cross,
          nemelex_spade_bored_becter
D:10:     layout_rooms, lair_entry_dummy, erik_orc_1, uniq_maggie, uniq_erica
D:11:     layout_roguey [special_room_kobold], serial_corexii_hall,
          corexii_hall_statues_t, chequers_hall_statues_corner_a,
          chequers_hall_statues_y, chequers_hall_statues_wall_a, hangedman_ranch
D:12:     layout_gridville, gauntlet_entry_generic, zin_scriptorium, uniq_urug
D:13:     layout_gridville, serial_shops, kennysheep_mini_moat,
          dreamdust_looks_like_rain
D:14:     layout_basic, david_vaults_3, chequers_serial_rivers_small_a
D:15:     hangedman_depths_entry_try_elsewhere_first, layout_grid_maze,
          portal_ice_cave_entry_ugly_swarm, nicolae_tso_swordbearing_angel,
          uniq_azrael, uniq_nessos, uniq_josephine
Temple:   mainiacjoe_temple_circle_huts
Lair:1:   layout_small_grid, grunt_megastairs_1, serial_bayou_shore_b,
          infiniplex_staircase_pool_2, uniq_fannar
Lair:2:   layout_roguey, beast_lair_carwin_9
Lair:3:   beast_lair_carwin_large_1, layout_gridlike
Lair:4:   layout_regular_city, minmay_swamp_entry_reptiles,
          minmay_snake_entry_guardpost_small, basic_altar, lemuel_fruit_fields
Lair:5:   layout_cave_pods, chequers_serial_rivers_micro_e,
          serial_bayou_shore_b, grunt_megastairs_2
Lair:6:   guppyfry_lair_end_dragon, layout_gridlike, hangedman_lair_in_review,
          minmay_slime_entry_jelly_boxes
Snake:1:  layout_gridlike, serial_shops, shop_statue, basic_altar
Snake:2:  layout_honeycomb, gammafunk_ghost_wrathful_warriors,
          minmay_shop_grove, uniq_aizul
Orc:1:    layout_diamond_mine, elf_legates
Orc:2:    st_orc_open, layout_caves, serial_shops, statue_bzr, basic_altar,
          hellmonk_ghost_happy_afterlife, nicolae_specific_store,
          hellmonk_bongcloud_opening, uniq_jorgrun, uniq_sonja

Skill      XL: |  1  2  3  4  5  6  7  8  9 10 11 12 13 14 15 16 |
---------------+-------------------------------------------------+-----
Stealth        | 2 5 |  5.1
Dodging        | 2 4 5 7 9 10 | 10.0
Fighting       | 1 2 3 5 6 8 9 10 11 | 11.0
Conjurations   | 2 3 5 6 8 9 12 13 14 | 14.0
Air Magic      | 4 5 7 8 9 10 | 10.0
Spellcasting   | 4 5 6 9 10 12 13 14 | 14.0
Summonings     | 2 3 4 |  4.0
Shields        | 3 5 6 7 8 10 13 | 13.0
Fire Magic     | 1 2 3 4 5 |  5.4
Maces & Flails | 1 2 |  2.0
Poison Magic   | 3 4 5 |  5.1
Evocations     | 1 2 3 4 |  4.0
Axes           | 1 2 |  2.0
Translocations | 1 2 |  2.0

Action                   |  1- 3 |  4- 6 |  7- 9 | 10-12 | 13-15 | 16-18 || total
-------------------------+-------+-------+-------+-------+-------+-------++-------
Melee: Hand axe          |    60 |   106 |   121 |       |       |       ||   287
       Tailslap          |     7 |    13 |    16 |    38 |    45 |    20 ||   139
       Punch             |     1 |     2 |       |       |       |       ||     3
       Rapier            |       |     1 |       |       |       |       ||     1
       Whip              |       |       |    14 |     2 |       |       ||    16
       Mace              |       |       |       |   192 |     3 |       ||   195
       Broad axe         |       |       |       |       |   310 |   111 ||   421
Throw: Dart              |     1 |     4 |     6 |     8 |     3 |       ||    22
       Throwing net      |       |       |       |     1 |     6 |       ||     7
 Cast: Shock             |    58 |    65 |   163 |   224 |   232 |    46 ||   788
       Static Discharge  |       |     9 |    15 |    26 |    41 |    11 ||   102
       Summon Small Mamm |       |     5 |    14 |     3 |       |       ||    22
       Swiftness         |       |       |     2 |     3 |     1 |       ||     6
       Airstrike         |       |       |    21 |    32 |    36 |    15 ||   104
       Conjure Flame     |       |       |     4 |     2 |       |       ||     6
       Poisonous Vapours |       |       |       |   124 |   106 |    26 ||   256
       Iskenderun's Batt |       |       |       |    36 |    64 |    19 ||   119
       Olgreb's Toxic Ra |       |       |       |     6 |    36 |     7 ||    49
       Flame Wave        |       |       |       |     5 |    15 |     9 ||    29
       Fireball          |       |       |       |    14 |    42 |    17 ||    73
       Call Canine Famil |       |       |       |    22 |    68 |     9 ||    99
       Orb of Destructio |       |       |       |       |    25 |    50 ||    75
       Blink             |       |       |       |       |     2 |     4 ||     6
 Abil: Breathe Noxious F |       |       |     8 |    38 |    29 |    11 ||    86
Evoke: Wand              |       |       |       |     9 |    12 |    19 ||    40
       Lightning rod     |       |       |       |       |    20 |     9 ||    29
       Phial of floods   |       |       |       |       |     2 |     1 ||     3
       Condenser vane    |       |       |       |       |     1 |     1 ||     2
  Use: Scroll            |     5 |     4 |     3 |    17 |    24 |     4 ||    57
       Potion            |       |     4 |     1 |     7 |    12 |     6 ||    30
 Stab: Sleeping          |       |     2 |     1 |     1 |       |     1 ||     5
       Confused          |       |       |     1 |     5 |     4 |       ||    10
       Distracted        |       |       |       |       |     3 |     1 ||     4
Armor: Skin              |    37 |    69 |    65 |    78 |   279 |   130 ||   658
Dodge: Dodged            |    65 |    75 |    90 |   119 |   326 |   177 ||   852
Block: Buckler           |       |     4 |    65 |   143 |   383 |       ||   595
       Reflection        |       |       |     2 |     6 |    23 |    29 ||    60
       Kite shield       |       |       |       |       |   134 |   338 ||   472

Table legend: (Time is in decaauts)
 A = Elapsed time spent in this place.
 B = Non-inter-level travel time spent in this place.
 C = Inter-level travel time spent in this place.
 D = Time resting spent in this place.
 E = Time spent auto-exploring this place.
 F = Levels seen in this place.
 G = Mean time per level.
                   A        B        C        D        E       F      G
               +--------+--------+--------+--------+--------+-----+--------+
         Total |  37120 |  36396 |    724 |  15409 |    101 |  28 | 1325.7 |
       Dungeon |  20028 |  19601 |    427 |   7650 |     31 |  15 | 1335.2 |
        Temple |     79 |     79 |      0 |      0 |      0 |   1 |   79.0 |
          Lair |   9173 |   8923 |    250 |   4052 |     59 |   6 | 1528.8 |
     Snake Pit |   2420 |   2420 |      0 |    843 |      0 |   2 | 1210.0 |
  Orcish Mines |   3149 |   3103 |     46 |   1514 |      0 |   2 | 1574.5 |
      Ice Cave |   1403 |   1403 |      0 |    766 |      0 |   1 | 1403.0 |
      Gauntlet |    865 |    865 |      0 |    581 |     11 |   1 |  865.0 |
               +--------+--------+--------+--------+--------+-----+--------+

Top non-repeatable levels by time:
  Lair:6: 2992 daAuts
     D:4: 2747 daAuts
     D:9: 2298 daAuts
     D:5: 2283 daAuts
   Orc:2: 1911 daAuts
  Lair:3: 1606 daAuts
    D:10: 1500 daAuts
     D:6: 1464 daAuts
  Lair:5: 1406 daAuts
   IceCv: 1403 daAuts
 Snake:1: 1349 daAuts
    D:15: 1289 daAuts
  Lair:1: 1280 daAuts
   Orc:1: 1238 daAuts
     D:2: 1168 daAuts
